 Dungeon Crawl Stone Soup version 0.22-a0-433-gd2a9cce (webtiles) character file.

41163 GameOver the Black Sun (level 14, -2/120 HPs)
             Began as a Naga Wizard on May 27, 2018.
             Was a High Priest of Kikubaaqudgha.
             Slain by a blink frog (16 damage)
             ... on level 6 of the Lair of Beasts.
             The game lasted 01:45:32 (14269 turns).

GameOver the Black Sun (Naga Wizard)               Turns: 14269, Time: 01:45:32

Health: -2/120     AC: 17    Str:  9    XL:     14   Next: 14%
Magic:  10/25      EV: 10    Int: 24    God:    Kikubaaqudgha [*****.]
Gold:   553        SH:  5    Dex: 10    Spells: 8/27 levels left

rFire    + . .     SeeInvis +   w - +0 whip (pain)
rCold    + . .     Gourm    .   (no shield)
rNeg     . . .     Faith    .   a - +1 troll leather armour
rPois    +         Spirit   .   H - +1 hat
rElec    .         Reflect  +   M - +0 cloak
rCorr    .         Harm     .   X - +1 pair of gloves
MR       +....                  I - +0 naga barding {rF+}
Stlth    +++.......             n - +5 amulet of reflection
HPRegen  0.70/turn              P - ring of protection from cold
MPRegen  0.19/turn              v - +3 ring of evasion

@: short of breath, very slightly contaminated, invisible, very slow
A: large, see invisible, deformed body, poison resistance, slowness 2, slow
metabolism 1, spit poison 1, constrict 1, AC +4
a: Spit Poison, Receive Corpses, Torment, Renounce Religion


You were on level 6 of the Lair of Beasts.
You worshipped Kikubaaqudgha.
Kikubaaqudgha was extremely pleased with you.
You were very hungry.

You visited 3 branches of the dungeon, and saw 17 of its levels.
You also visited: Sewer and Ossuary.

You collected 1128 gold pieces.
You spent 575 gold pieces at shops.

Inventory:

Hand Weapons
 q - a +2 hunting sling of flaming
 s - a +2 lajatang of electrocution
 w - a +0 whip of pain (weapon)
 S - a +6 morningstar
 V - a +3 dire flail of freezing
Missiles
 D - 89 bolts
 R - 38 sling bullets
Armour
 a - a +1 troll leather armour (worn)
 H - a +1 hat (worn)
 I - a +0 naga barding of fire resistance (worn)
 M - a +0 cloak (worn)
 X - a +1 pair of gloves (worn)
Jewellery
 i - an uncursed ring of wizardry
 l - an uncursed ring of positive energy
 n - a +5 amulet of reflection (around neck)
 v - a +3 ring of evasion (right hand)
 P - a ring of protection from cold (left hand)
 Q - an uncursed amulet of rage
 Y - an uncursed ring of protection from fire
Wands
 e - a wand of acid (12)
 t - a wand of iceblast (6)
 U - a wand of flame (52)
Scrolls
 g - 3 scrolls of fear
 p - 2 scrolls of fog
 r - 4 scrolls of identify
 y - 5 scrolls of magic mapping
 z - 8 scrolls of remove curse
 B - a scroll of amnesia
 E - 2 scrolls of blinking
 O - 5 scrolls of teleportation
Potions
 c - 10 potions of curing
 f - a potion of mutation
 h - 3 potions of brilliance
 j - 2 potions of haste
 k - 5 potions of flight
 m - 3 potions of berserk rage
 o - a potion of cancellation
 u - 8 potions of heal wounds
 x - 2 potions of might
 C - 3 potions of magic
 F - 2 potions of agility
Miscellaneous
 b - a crystal ball of energy
Comestibles
 d - 28 rations
 A - 3 chunks of flesh


   Skills:
 - Level 6.0 Fighting
 - Level 9.8(10.7) Maces & Flails
 + Level 7.1(9.5) Staves
 - Level 5.0 Armour
 - Level 1.5 Dodging
 - Level 6.0 Stealth
 + Level 7.4 Spellcasting
 + Level 10.9 Conjurations
 - Level 4.0 Hexes
   Level 1.0 Summonings
 + Level 11.5 Necromancy
 - Level 4.1 Translocations
 - Level 4.0 Poison Magic


You had 8 spell levels left.
You knew the following spells:

 Your Spells              Type           Power        Failure   Level  Hunger
a - Bolt of Draining      Conj/Necr      ######....   2%          5    #####..
b - Blink                 Tloc           N/A          2%          2    None
c - Dispel Undead         Necr           ######..     2%          5    #####..
d - Mephitic Cloud        Conj/Pois/Air  ####....     3%          3    None
p - Apportation           Tloc           ####..       1%          1    None
s - Dazzling Spray        Conj/Hex       #####.       1%          3    None

Your spell library contained the following spells:

 Spells                   Type           Power        Failure   Level  Hunger
 Magic Dart               Conj           ####         1%          1    None
 Conjure Flame            Conj/Fire      #####...     2%          3    None
 Lightning Bolt           Conj/Air       #####.....   26%         5    #####..
 Slow                     Hex            ####....     2%          2    None
 Confuse                  Hex            ####....     5%          3    None
 Summon Small Mammal      Summ           ##..         6%          1    None
 Pain                     Necr           ####         1%          1    None
 Animate Skeleton         Necr           N/A          1%          1    None
 Vampiric Draining        Necr           ######....   1%          3    None
 Call Imp                 Summ           ##......     9%          2    None
 Sublimation of Blood     Necr           ######....   1%          2    None
 Tukima's Dance           Hex            ####....     5%          3    None
 Shock                    Conj/Air       ####         1%          1    None
 Swiftness                Chrm/Air       #.......     14%         2    None
 Agony                    Necr           ######..     2%          5    #####..
 Spider Form              Tmut/Pois      ###.......   12%         3    None
 Blade Hands              Tmut           #.........   94%         5    #####..
 Ice Form                 Ice/Tmut       #.......     65%         4    ###....
 Airstrike                Air            #.........   65%         4    ###....
 Confusing Touch          Hex            ####..       1%          1    None
 Sticks to Snakes         Tmut           #.......     14%         2    None
 Ensorcelled Hibernation  Hex/Ice        ###...       6%          2    None
 Static Discharge         Conj/Air       #####...     2%          3    None
 Corona                   Hex            ####...      1%          1    None
 Simulacrum               Ice/Necr       #####.....   78%         6    ######.
 Beastly Appendage        Tmut           #.....       9%          1    None
 Borgnjor's Vile Clutch   Necr/Erth      #####.....   24%         5    #####..


Dungeon Overview and Level Annotations

Branches:
Dungeon (10/15)            Temple (1/1) D:5            Lair (6/6) D:8
 Shoals (0/4) Lair:2        Snake (0/4) Lair:2        Slime (0/5) Lair:5
    Orc (0/2) D:9

Altars:
Ashenzari
Cheibriados
Dithmenos
Elyvilon
Fedhas
Gozag
Hepliaklqana
Kikubaaqudgha
Makhleb
Nemelex Xobeh
Okawaru
Qazlal
Ru
Sif Muna
Trog
Uskayaw
Vehumet
Wu Jian
Xom
Yredelemnul
Zin
The Shining One
Jiyva

Shops:
D:6 ?   D:7 *

Annotations:
Lair:3 treasure behind oklob, exclusion: oklob plant


Innate Abilities, Weirdness & Mutations

You cannot wear boots.
Your serpentine skin is tough. (AC +4)
You have supernaturally acute eyesight. (SInv)
Armour fits poorly on your strangely shaped body.
Your system is resistant to poisons. (rPois)
You cover ground very slowly.
You have a slow metabolism.
You can spit poison.
You can use your snake-like lower body to constrict enemies.


Message History

The komodo dragon bites you!!
* * * LOW HITPOINT WARNING * * *
You hit the komodo dragon but do no damage.
The komodo dragon is almost dead.
You constrict the komodo dragon.
Unknown command.
You hit the komodo dragon.
You kill the komodo dragon!
Kikubaaqudgha accepts your kill.
Press: ? - help, Shift-Dir - straight line, f - yak
Aim: a yak The splash of poison misses the yak.
The splash of poison hits the blink frog.
The blink frog is poisoned.
The blink frog is heavily wounded.
You feel slightly more hungry.
A yak comes into view.
The blink frog hits you!
You die...
Kikubaaqudgha rasps: "You have failed me!
Welcome... death!"

♣♣ . #♣. ♣♣..###
♣.PP..###
♣♣..PP@#.####..#
♣.....F......F..
♣......F†Y......
♣.......YY......
♣.........YY.....
..........F.....Y
.................
.................
.....?......P...


You could see 5 yaks and 4 blink frogs.

Vanquished Creatures
  5 hydras
  A two-headed ogre (D:8)
  A queen ant (Lair:2)
  3 death yaks
  Sonja (Lair:4)
  2 merfolk sirens (Lair:2)
  4 black mambas
  5 spiny frogs
  2 rime drakes
  3 komodo dragons
  2 polar bears
  A queen bee (D:9)
  A merfolk (Lair:2)
  A hornet (Lair:6)
  9 blink frogs
  6 dream sheep
  7 hippogriffs (Lair:5)
  4 wyverns
  40 yaks
  A hungry ghost (D:6)
  9 basilisks
  Menkaure (Ossuary)
  A naga (shapeshifter) (D:8)
  11 water moccasins
  5 soldier ants (Lair:2)
  The ghost of Tovarisch the Magician, an amateur DEWz (D:4)
  6 porcupines
  A hell hound (Lair:5)
  4 orc warriors
  2 black bears
  A necrophage (D:10)
  6 ogres
  2 ice beasts (D:7)
  18 wolves
  2 centaurs (D:6)
  12 crocodiles
  5 big kobolds
  13 bullfrogs
  3 scorpions
  23 killer bees
  6 wights
  An electric eel (Lair:2)
  A howler monkey (D:4)
  2 crimson imps
  2 centaur zombies
  A jelly (D:5)
  A centaur skeleton (D:6)
  2 hounds (D:7)
  A quasit (D:6)
  Crazy Yiuf (D:2)
  6 orc priests
  5 orc wizards
  5 iguanas
  22 worker ants
  4 mummies
  A worker ant zombie (D:5)
  8 gnolls
  A howler monkey skeleton (D:4)
  8 adders
  4 river rats (Sewer)
  2 shadow imps
  An adder skeleton (D:8)
  2 worms (D:4)
  2 dart slugs
  6 leopard geckos
  20 orcs
  3 bats
  5 giant cockroaches
  8 goblins
  9 hobgoblins
  13 jackals
  4 quokkas
  4 ball pythons (Sewer)
  9 frilled lizards
  2 gnoll skeletons (Ossuary)
  4 gnoll zombies (Ossuary)
  2 goblin skeletons (Ossuary)
  2 goblin zombies (Ossuary)
  5 hobgoblin zombies (Ossuary)
  A jackal zombie (D:9)
  25 kobolds
  2 kobold skeletons (Ossuary)
  3 kobold zombies (Ossuary)
  4 orc skeletons (Ossuary)
  An orc zombie (Ossuary)
  A quokka skeleton (D:4)
  25 rats
  3 rat skeletons (Ossuary)
  A plant (Lair:4)
476 creatures vanquished.

Vanquished Creatures (collateral kills)
  A soldier ant (Lair:2)
  3 worker ants (Lair:2)
  A leopard gecko (D:6)
5 creatures vanquished.

Vanquished Creatures (others)
  A dart slug (D:5)
  2 gnoll zombies (Ossuary)
  2 goblin skeletons (Ossuary)
  3 goblin zombies (Ossuary)
  2 hobgoblin skeletons (Ossuary)
  3 hobgoblin zombies (Ossuary)
  3 kobold skeletons (Ossuary)
  4 orc skeletons (Ossuary)
  A rat skeleton (Ossuary)
  2 rat zombies (Ossuary)
  6 fungi
  4 plants
33 creatures vanquished.

Grand Total: 514 creatures vanquished

Notes
Turn   | Place    | Note
-------+----------+-------------------------------------------
     0 | D:1      | GameOver the Naga Wizard began the quest for the Orb.
     0 | D:1      | Reached XP level 1. HP: 15/15 MP: 4/4
   337 | D:1      | Reached XP level 2. HP: 14/22 MP: 1/6
   899 | D:2      | Reached XP level 3. HP: 28/28 MP: 3/7
   903 | D:2      | Learned a level 2 spell: Blink
   907 | D:2      | Learned a level 3 spell: Mephitic Cloud
  1019 | D:2      | Found a hazy altar of Hepliaklqana.
  1025 | D:2      | Reached XP level 4. HP: 31/36 MP: 4/8
  1288 | D:2      | Found a runed door.
  1292 | D:2      | Noticed Crazy Yiuf
  1298 | D:2      | Killed Crazy Yiuf
  1568 | D:3      | Reached XP level 5. HP: 42/42 MP: 7/9
  1575 | D:3      | Found a glowing drain.
  1592 | Sewer    | Entered a sewer
  1738 | Sewer    | Reached skill level 1 in Fighting
  1750 | Sewer    | Reached skill level 1 in Staves
  1785 | Sewer    | Noticed a big kobold
  1785 | Sewer    | Noticed a big kobold
  1792 | Sewer    | Killed a big kobold
  1792 | Sewer    | Reached skill level 5 in Conjurations
  1792 | Sewer    | Reached XP level 6. HP: 44/52 MP: 8/10
  2355 | D:3      | Reached XP level 7. HP: 61/61 MP: 11/11
  2380 | D:3      | Found a sparkling altar of Nemelex Xobeh.
  2705 | D:4      | Noticed Tovarisch's ghost (amateur DEWz)
  2713 | D:4      | Killed Tovarisch's ghost
  3088 | D:4      | Found a shattered altar of Ashenzari.
  3294 | D:5      | Entered Level 5 of the Dungeon
  3317 | D:5      | Found a white marble altar of Elyvilon.
  3341 | D:5      | Found a staircase to the Ecumenical Temple.
  3353 | Temple   | Entered the Ecumenical Temple
  3451 | D:5      | Found an opulent altar of Gozag.
  3486 | D:5      | Found a sand-covered staircase.
  3495 | Ossuary  | Entered an ossuary
  3682 | Ossuary  | Reached skill level 1 in Poison Magic
  3764 | Ossuary  | Noticed Menkaure
  3776 | Ossuary  | Killed Menkaure
  3776 | Ossuary  | Reached XP level 8. HP: 27/72 MP: 4/12
  4838 | D:6      | Found a shimmering altar of Xom.
  4857 | D:6      | Reached skill level 5 in Fighting
  4986 | D:6      | Learned a level 3 spell: Dazzling Spray
  5096 | D:6      | Reached skill level 1 in Hexes
  5153 | D:6      | Found Cyusuec's Magic Scroll Emporium.
  5156 | D:6      | Bought a scroll of identify for 20 gold pieces
  5156 | D:6      | Bought a scroll of enchant weapon for 75 gold pieces
  5156 | D:6      | Bought a scroll of teleportation for 30 gold pieces
  5340 | D:6      | Got a bone falchion
  5341 | D:6      | Identified the +6 falchion "Veirphus" {venom, Dex+4} (You found it on level 6 of the Dungeon)
  5403 | D:6      | Found a sacrificial altar of Ru.
  5500 | D:6      | Reached skill level 5 in Stealth
  5500 | D:6      | Reached XP level 9. HP: 42/81 MP: 7/13
  5639 | D:7      | Found Vuqil's General Store.
  5891 | D:7      | Found an ancient bone altar of Kikubaaqudgha.
  5895 | D:7      | Found a deep blue altar of Sif Muna.
  5909 | D:7      | Found a radiant altar of Vehumet.
  5913 | D:7      | Identified Sif Muna's Collected Works on Dislocation
  5922 | D:7      | Became a worshipper of Kikubaaqudgha
  5925 | D:7      | Learned a level 1 spell: Apportation
  6090 | D:7      | Reached skill level 5 in Staves
  6227 | D:8      | Reached skill level 1 in Necromancy
  6361 | D:8      | Reached skill level 2 in Necromancy
  6529 | D:8      | Found a glowing silver altar of Zin.
  6606 | D:8      | Noticed a two-headed ogre
  6613 | D:8      | Killed a two-headed ogre
  6613 | D:8      | Reached skill level 4 in Necromancy
  6613 | D:8      | Reached XP level 10. HP: 44/91 MP: 7/14
  6625 | D:8      | Reached * piety under Kikubaaqudgha
  6625 | D:8      | Identified Kikubaaqudgha's Papyrus of Evil (Kikubaaqudgha gifted it to you on level 8 of the Dungeon)
  6625 | D:8      | Received a gift from Kikubaaqudgha
  6664 | D:8      | Reached skill level 5 in Necromancy
  6813 | D:8      | Found a staircase to the Lair.
  6892 | D:8      | Found a glowing silver altar of Zin.
  6987 | D:9      | Found a shadowy altar of Dithmenos.
  7126 | D:9      | Reached skill level 6 in Necromancy
  7374 | D:9      | Found an ornate altar of the Wu Jian Council.
  7382 | D:9      | Reached ** piety under Kikubaaqudgha
  7387 | D:9      | Reached skill level 7 in Necromancy
  7663 | D:9      | Found a staircase to the Orcish Mines.
  7734 | D:9      | Reached skill level 8 in Necromancy
  7869 | D:9      | Reached skill level 1 in Maces & Flails
  7943 | D:10     | Entered Level 10 of the Dungeon
  8270 | D:10     | Reached XP level 11. HP: 43/97 MP: 12/15
  8306 | D:10     | Reached skill level 9 in Necromancy
  8512 | D:10     | Reached *** piety under Kikubaaqudgha
  8512 | D:10     | Identified Kikubaaqudgha's Handbook of Necromancy (Kikubaaqudgha gifted it to you on level 10 of the Dungeon)
  8512 | D:10     | Received a gift from Kikubaaqudgha
  8531 | D:10     | Learned a level 5 spell: Bolt of Draining
  8833 | D:7      | Bought a +1 troll leather armour for 330 gold pieces
  8851 | D:7      | Reached XP level 12. HP: 104/104 MP: 16/16
  8853 | D:7      | Bought a potion of mutation for 120 gold pieces
  8895 | Lair:1   | Entered Level 1 of the Lair of Beasts
  9392 | Lair:1   | Noticed a five-headed hydra
  9465 | Lair:1   | Killed a five-headed hydra
 10329 | Lair:2   | Noticed a queen ant
 10373 | Lair:2   | Killed a queen ant
 10373 | Lair:2   | Reached skill level 5 in Armour
 10546 | Lair:2   | Found a staircase to the Snake Pit.
 10658 | Lair:2   | Found a staircase to the Shoals.
 10998 | Lair:3   | Reached **** piety under Kikubaaqudgha
 11003 | Lair:3   | Reached skill level 10 in Necromancy
 11262 | Lair:3   | Reached skill level 5 in Spellcasting
 11286 | Lair:3   | Gained mutation: You can use your snake-like lower body to constrict enemies. [Naga growth]
 11286 | Lair:3   | Reached XP level 13. HP: 110/111 MP: 12/20
 11880 | Lair:4   | Noticed Sonja
 11908 | Lair:4   | Killed Sonja
 12159 | Lair:4   | Learned a level 5 spell: Dispel Undead
 12247 | Lair:4   | Reached skill level 10 in Conjurations
 13084 | Lair:5   | Reached skill level 11 in Necromancy
 13300 | Lair:5   | Identified a scroll of acquirement
 13407 | Lair:5   | Found a staircase to the Slime Pits.
 13411 | Lair:5   | Found a viscous altar of Jiyva.
 13440 | Lair:5   | Reached ***** piety under Kikubaaqudgha
 13519 | Lair:5   | Reached XP level 14. HP: 33/120 MP: 5/24
 14146 | Lair:6   | Entered Level 6 of the Lair of Beasts
 14220 | Lair:6   | Paralysed by a hornet for 2 turns
 14263 | Lair:6   | HP: 6/120 [komodo dragon (11)]
 14269 | Lair:6   | Slain by a blink frog

Vault maps used:
D:1:      dpeg_arrival_signposts
D:2:      old_standard_altar, uniq_crazy_yiuf_cottage
D:3:      nemelex_xobeh_ov_fountains_minmay, portal_sewer_entry_f
D:4:      nicolae_ashenzari_panopticon
D:5:      nicolae_gozag_cash_rules_everything_around_me, elyvilon_altar_4,
          minmay_temple_entry_overgrown, gup_ossuary_entry_pyramid, first_ration
D:6:      overflow_temple_1_default, nicolae_ru_path_of_blood, serial_shops,
          kennysheep_mini_moat, minivault_19
D:7:      grunt_temple_overflow_magic_moments, serial_shops,
          nicolae_shop_temple_entry_statues_fountains
D:8:      zin_scriptorium, grunt_lair_entry_orc_guard_hut, basic_altar
D:9:      grunt_dithmenos_shadows, kennysheep_little_box, orc_0_dummy,
          david_nohive_1, minmay_variable_closet
D:10:     eino_jars
Temple:   jpeg_temple_island
Lair:2:   elwin_shoals_entry_stream, dummy_snake_entry, serial_bayou_ford_a,
          zaba_antful_of_joy
Lair:3:   special_room, serial_bayou_shore_b, grunt_megastairs_2,
          infiniplex_staircase_pool_2, minmay_lair_oklob_chamber
Lair:4:   grunt_megastairs_5, uniq_sonja
Lair:5:   slime_altar_1, special_room, st_stairs_10, bh_chokoban,
          serial_bayou_shore_a
Lair:6:   minmay_lair_end_enchanted_forest, st_stairs_3
Sewer:    sewer_minmay_treatment
Ossuary:  ossuary_due_pyramid

Skill      XL: |  1  2  3  4  5  6  7  8  9 10 11 12 13 14 |
---------------+-------------------------------------------+-----
Conjurations   | 2 3 4 5 6 8 9 10 | 10.9
Fighting       | 1 2 4 5 6 |  6.0
Staves         | 1 2 4 6 7 |  7.1
Poison Magic   | 2 4 |  4.0
Stealth        | 5 6 |  6.0
Translocations | 2 4 |  4.1
Hexes          | 2 4 |  4.0
Necromancy     | 4 8 9 10 11 | 11.5
Maces & Flails | 3 6 8 9 |  9.8
Armour         | 4 5 |  5.0
Spellcasting   | 5 7 |  7.4
Dodging        | |  1.5
Summonings     | |  1.0

Action                   |  1- 3 |  4- 6 |  7- 9 | 10-12 | 13-15 || total
-------------------------+-------+-------+-------+-------+-------++-------
Melee: Dagger            |     4 |       |       |       |       ||     4
       Mace              |     7 |     2 |       |       |       ||     9
       Quarterstaff      |       |    74 |   225 |   217 |       ||   516
       Whip              |       |       |       |   326 |   452 ||   778
       Constrict         |       |       |       |       |    81 ||    81
       Dire flail        |       |       |       |       |     1 ||     1
 Fire: Hunting sling     |       |       |       |     4 |       ||     4
 Cast: Magic Dart        |    29 |    61 |   135 |    67 |       ||   292
       Mephitic Cloud    |       |     2 |     9 |    34 |    17 ||    62
       Dazzling Spray    |       |       |     2 |    24 |    10 ||    36
       Blink             |       |       |       |     1 |     2 ||     3
       Bolt of Draining  |       |       |       |    12 |    21 ||    33
 Abil: Spit Poison       |    20 |    35 |    50 |    97 |    41 ||   243
Evoke: Wand              |       |       |       |     1 |    10 ||    11
  Use: Potion            |       |       |     4 |     6 |     6 ||    16
       Scroll            |       |       |    21 |     2 |     7 ||    30
 Stab: Sleeping          |       |     1 |     5 |     3 |     2 ||    11
       Confused          |       |     1 |     3 |    23 |    16 ||    43
       Petrifying        |       |       |     3 |       |       ||     3
       Paralysed         |       |       |     1 |     1 |       ||     2
       Invisible         |       |       |     1 |     5 |     3 ||     9
       Distracted        |       |       |       |       |     1 ||     1
  Eat: Chunk             |     1 |     6 |    12 |    27 |    15 ||    61
       Ration            |       |       |     2 |     1 |       ||     3
Armor: Robe              |     5 |    27 |    36 |    41 |       ||   109
       Skin              |       |       |       |   125 |       ||   125
       Troll leather arm |       |       |       |    44 |   125 ||   169
Dodge: Dodged            |    22 |    32 |    93 |   237 |   146 ||   530
Block: Other             |       |       |       |       |    36 ||    36

Table legend:
 A = Spawn XP
 B = Non-spawn XP
 C = Spawn XP percentage of total XP
 D = Spawn monster count
 E = Non-spawn monster count
 F = Spawn count percentage of total count
 G = Total turns spent on level
                    A         B        C        D         E        F      G
               +---------+---------+-------+---------+---------+-------+---------
         Total |       0 |   49088 |   0.0 |       0 |     479 |   0.0 | 14269
               +---------+---------+-------+---------+---------+-------+---------
           D:1 |       0 |      24 |   0.0 |       0 |      12 |   0.0 |   732
           D:2 |       0 |     133 |   0.0 |       0 |      26 |   0.0 |   803
           D:3 |       0 |      56 |   0.0 |       0 |      21 |   0.0 |   601
           D:4 |       0 |     335 |   0.0 |       0 |      17 |   0.0 |   598
           D:5 |       0 |     380 |   0.0 |       0 |      15 |   0.0 |   872
           D:6 |       0 |    1060 |   0.0 |       0 |      18 |   0.0 |   839
           D:7 |       0 |     657 |   0.0 |       0 |      14 |   0.0 |   649
           D:8 |       0 |    2609 |   0.0 |       0 |      29 |   0.0 |   857
           D:9 |       0 |    2229 |   0.0 |       0 |      42 |   0.0 |   997
          D:10 |       0 |    2303 |   0.0 |       0 |      29 |   0.0 |   815
        Lair:1 |       0 |    4645 |   0.0 |       0 |      20 |   0.0 |  1099
        Lair:2 |       0 |    4591 |   0.0 |       0 |      37 |   0.0 |   958
        Lair:3 |       0 |    5699 |   0.0 |       0 |      29 |   0.0 |   873
        Lair:4 |       0 |    9211 |   0.0 |       0 |      33 |   0.0 |  1081
        Lair:5 |       0 |   11559 |   0.0 |       0 |      44 |   0.0 |  1238
        Lair:6 |       0 |    2984 |   0.0 |       0 |      14 |   0.0 |   123
         Sewer |       0 |     414 |   0.0 |       0 |      48 |   0.0 |   560
       Ossuary |       0 |     199 |   0.0 |       0 |      31 |   0.0 |   336
               +---------+---------+-------+---------+---------+-------+---------
